Map: Акрополь РВ

Players

llllllllllll

  • Race: Terran Terran
  • League: Grandmaster
  • Spawn Location: 5:00

IIIIIIIIIIII - Winner!

  • Race: Protoss Protoss
  • League: Grandmaster
  • Spawn Location: 11:00

VOD

Have the link to the VOD?

Description

Time

  • Played on: Oct. 25, 2019, 10:06 a.m.
  • Length: 17:52
Show
View Real Time Build Order
Export as new Build Order

llllllllllll Terran 

Build Orders: Reaper Expand 

Get SALT Encoding   

  12  0:00  SCV  
  13  0:13  SCV  
  14  0:20  Supply Depot  
  14  0:25  SCV  
  15  0:41  SCV  
  16  0:43  Refinery, Barracks  
  16  0:53  SCV  
  17  1:05  SCV  
  18  1:17  SCV  
  19  1:33  Reaper, Orbital Command  
  20  1:46  Command Center  
  20  1:58  Supply Depot  
  20  1:59  SCV  
  21  2:05  Barracks Reactor  
  21  2:08  Refinery  
  21  2:11  SCV  
  22  2:20  Bunker  
  22  2:23  SCV  
  22  2:27  Factory  
  23  2:35  SCV  
  24  2:43  Marine x2  
  26  2:47  SCV  
  27  2:59  Orbital Command, SCV  
  27  3:00  Marine  
  27  3:01  Marine  
  30  3:11  Factory Tech Lab, SCV  
  30  3:12  Starport  
  31  3:19  Supply Depot  
  31  3:21  Marine  
  31  3:23  Marine  
  31  3:24  SCV  
  31  3:27  SCV  
  35  3:36  SCV  
  35  3:38  Factory Tech Lab  
  35  3:39  SCV  
  35  3:41  Marine x2  
  37  3:48  SCV  
  40  3:51  Barracks  
  41  3:56  Refinery, Raven  
  41  3:59  Marine  
  41  4:00  SCV  
  41  4:01  Siege Tank  
  41  4:02  SCV  
  48  4:07  Marine  
  49  4:12  SCV  
  49  4:14  SCV  
  49  4:16  Supply Depot  
  51  4:18  Barracks  
  51  4:24  SCV  
  51  4:26  SCV  
  53  4:31  Engineering Bay  
  53  4:33  Marine  
  53  4:37  SCV  
  53  4:38  SCV  
  56  4:40  Siege Tank  
  59  4:47  Starport Reactor  
  59  4:48  Stimpack, Supply Depot  
  59  4:50  SCV  
  59  4:52  SCV  
  61  4:59  Terran Infantry Weapons Level 1  
  61  5:00  Marine  
  62  5:10  Marauder, Supply Depot, SCV x2  
  66  5:14  Supply Depot  
  65  5:22  SCV x2  
  65  5:25  Marine, Factory Tech Lab  
  65  5:26  Combat Shield  
  67  5:30  Marine, Medivac, Refinery  
  67  5:32  Medivac  
  71  5:38  Marauder x2  
  71  5:40  SCV x2  
  71  5:41  Supply Depot  
  77  5:44  Marine  
  77  5:48  Marine  
  79  5:53  Siege Tank  
  82  5:59  Marauder  
  84  6:04  Supply Depot  
  84  6:07  Command Center, Marauder  
  86  6:11  Medivac  
  86  6:12  Marine  
  86  6:13  SCV  
  86  6:14  SCV  
  91  6:21  Marauder  
  93  6:26  Medivac  
  93  6:28  Supply Depot  
  93  6:30  Supply Depot  
  93  6:31  Siege Tank  
  98  6:36  Marauder  
  100  6:42  Marauder  
  100  6:47  Supply Depot  
  102  6:48  Marine  
  102  6:52  Barracks  
  103  6:55  Barracks  
  103  6:56  Terran Infantry Armor Level 1  
  103  6:57  Concussive Shells  
  103  6:58  Marauder  
  105  7:02  SCV x2  
  105  7:03  Marine  
  108  7:12  Marine  
  108  7:13  Marauder  
  110  7:17  Siege Tank  
  110  7:19  Marauder  
  115  7:26  Orbital Command  
  107  7:37  Marine  
  107  7:38  Marauder  
  107  7:39  Marine  
  107  7:40  Marauder  
  107  7:41  Marine  
  107  7:42  Liberator  
  107  7:43  Barracks Tech Lab  
  91  7:55  Marine  
  91  7:57  Marine  
  87  7:59  Marauder  
  87  8:02  Marauder  
  96  8:06  Orbital Command  
  96  8:07  SCV x2  
  96  8:11  Barracks Reactor  
  95  8:13  Marine  
  95  8:16  Marine  
  95  8:18  Medivac, Starport  
  95  8:19  SCV x2  
  98  8:20  Fusion Core  
  98  8:24  Marine  
  98  8:25  Marauder  
  99  8:28  Marauder  
  99  8:31  Marine, SCV x2  
  99  8:32  SCV  
  99  8:34  Marine, Liberator  
  105  8:38  Refinery  
  105  8:39  Refinery  
  106  8:43  SCV, Armory  
  106  8:44  SCV x2  
  113  8:48  Marine  
  113  8:53  Liberator  
  113  8:54  Marine x2  
  117  8:55  SCV  
  117  8:56  SCV x2  
  117  9:05  Marine x3, Liberator  
  117  9:08  SCV x3  
  117  9:09  Advanced Ballistics  
  123  9:12  Marauder  
  123  9:16  Engineering Bay  
  127  9:20  SCV x2  
  127  9:23  Marauder x2  
  137  9:30  Supply Depot x2  
  136  9:33  Ghost Academy  
  136  9:34  Terran Infantry Weapons Level 2, Marauder  
  138  9:40  Liberator  
  138  9:44  Marauder  
  140  9:46  Terran Infantry Armor Level 2  
  140  9:47  Marine  
  140  9:49  Marine  
  140  9:50  Marine  
  140  9:51  Marine x2  
  140  9:52  Liberator  
  145  9:53  Command Center  
  145  9:54  Supply Depot  
  145  9:55  Marauder  
  145  9:56  Supply Depot  
  150  10:10  Missile Turret  
  150  10:11  Missile Turret  
  150  10:13  Missile Turret  
  153  10:16  Missile Turret  
  153  10:19  Missile Turret  
  153  10:20  Enhanced Shockwaves  
  153  10:23  Ghost  
  155  10:30  Bunker, Ghost, Supply Depot  
  155  10:33  Supply Depot  
  157  10:37  Missile Turret, Ghost  
  157  10:42  SCV x3  
  162  10:44  Liberator, Supply Depot  
  162  10:52  Refinery, Marauder  
  163  10:59  Refinery  
  163  11:00  Marauder  
  168  11:07  Liberator, Marauder  
  170  11:13  Ghost  
  148  11:18  Marine x2  
  148  11:21  Marauder  
  138  11:27  Liberator  
  138  11:28  Marine, Marauder  
  138  11:30  Marine  
  141  11:36  Marine x2  
  143  11:40  Missile Turret  
  143  11:42  Missile Turret, Marauder x2  
  143  11:45  Barracks x2  
  143  11:46  Marine  
  151  11:48  Marine  
  151  11:50  Liberator, Marauder  
  151  11:52  Missile Turret  
  154  11:54  Marine x2  
  154  12:00  Sensor Tower  
  156  12:03  Marine x2, Missile Turret  
  161  12:09  Liberator  
  156  12:25  Ghost x3  
  156  12:27  Marine x4  
  168  12:33  Terran Infantry Weapons Level 3  
  166  12:44  Barracks Tech Lab, Liberator, Barracks Reactor  
  166  12:45  Marine x4  
  169  12:54  Marauder  
  169  12:55  Marauder x2  
  175  13:02  Marine, Ghost  
  175  13:03  Marine x3  
  184  13:07  Command Center  
  184  13:16  Marauder x3  
  184  13:17  Viking  
  184  13:19  Liberator  
  192  13:20  Marine x2  
  192  13:21  Marine x2  
  196  13:31  Marine  
  166  13:34  Marine  
  166  13:37  Marauder  
  166  13:39  Marine  
  176  13:43  Marine  
  176  13:44  Viking  
  176  13:46  Terran Infantry Armor Level 3  
  176  13:47  Viking  
  176  13:53  Supply Depot  
  162  14:01  Planetary Fortress  
  152  14:05  Marauder  
  152  14:06  Marine  
  152  14:09  Marine x2  
  157  14:14  Ghost, Viking  
  157  14:16  Marine  
  162  14:22  Marine  
  162  14:23  Marine  
  162  14:24  Marine, Liberator  
  164  14:29  Orbital Command, SCV  
  164  14:30  SCV  
  160  14:35  Refinery  
  160  14:36  Refinery  
  160  14:38  Marine, Marauder  
  150  14:43  Missile Turret  
  143  14:52  Marine x2  
  141  14:53  Marauder, SCV x2  
  144  15:00  Marine, SCV  
  144  15:01  Marauder  
  144  15:03  SCV  
  144  15:04  Sensor Tower  
  144  15:06  Liberator, SCV x2  
  151  15:09  Liberator  
  151  15:11  Marine  
  151  15:12  Marauder  
  151  15:13  SCV  
  151  15:18  SCV  
  154  15:23  SCV  
  159  15:31  Marine  
  153  15:39  Marine x2, Marauder  
  153  15:41  Viking  
  159  15:45  Marine, Missile Turret  
  157  15:51  Marine  
  157  15:55  Marine x2  
  157  16:06  Medivac  
  157  16:07  SCV  
  157  16:08  Marine  
  157  16:09  Medivac  
  157  16:10  Liberator  
  166  16:16  Marine x2, Marauder  
  166  16:22  Marine  
  166  16:23  Marine  
  169  16:43  Ghost  
  169  16:44  Marine  
  159  16:48  Marine x2, Marauder  
  159  16:53  Marine  
  159  16:54  Marauder  
  159  16:56  Marine  
  159  16:57  Marauder  
  135  17:02  Marine, SCV  
  135  17:07  Marine, Orbital Command  
  112  17:09  SCV x2  
  112  17:12  Marine  
  112  17:14  SCV  
  112  17:15  Marine  
  117  17:19  Marauder  
  117  17:21  SCV x2  
  120  17:26  Marine  
  120  17:27  Marine  
  122  17:31  SCV  
  122  17:33  SCV  
  129  17:37  SCV  
  129  17:39  SCV  
Show
View Real Time Build Order
Export as new Build Order

IIIIIIIIIIII Protoss - Winner!

Build Orders: 1 Gate Expand, Blink Stalkers, Colossus Rush 

Get SALT Encoding   

  12  0:00  Probe  
  13  0:12  Probe  
  14  0:17  Pylon  
  14  0:24  Probe (Chrono Boost)  
  16  0:36  Probe (Chrono Boost)  
  16  0:37  Gateway  
  16  0:43  Probe (Chrono Boost)  
  16  0:46  Assimilator  
  17  0:51  Probe  
  18  1:03  Probe  
  19  1:15  Probe  
  20  1:24  Nexus  
  20  1:31  Cybernetics Core  
  20  1:34  Probe  
  21  1:42  Assimilator  
  21  1:46  Probe  
  22  1:50  Pylon  
  22  1:59  Probe (Chrono Boost)  
  23  2:05  Stalker (Chrono Boost)  
  26  2:08  Warp Gate  
  26  2:10  Probe (Chrono Boost)  
  26  2:15  Probe (Chrono Boost)  
  27  2:25  Twilight Council, Probe  
  28  2:33  Stalker  
  30  2:38  Probe (Chrono Boost)  
  30  2:42  Probe (Chrono Boost)  
  32  2:47  Probe (Chrono Boost)  
  32  2:51  Probe (Chrono Boost)  
  34  2:52  Probe (Chrono Boost)  
  35  2:59  Blink (Chrono Boost)  
  35  3:01  Probe (Chrono Boost)  
  37  3:05  Probe (Chrono Boost)  
  37  3:11  Stalker  
  39  3:13  Probe (Chrono Boost)  
  39  3:17  Pylon  
  41  3:21  Probe (Chrono Boost)  
  41  3:22  Probe (Chrono Boost)  
  42  3:28  Probe  
  42  3:29  Robotics Facility  
  42  3:34  Probe  
  44  3:39  Gateway  
  44  3:40  Probe  
  45  3:43  Gateway  
  45  3:46  Probe  
  45  3:48  Assimilator  
  46  3:50  Assimilator  
  46  3:52  Probe  
  47  3:56  Stalker  
  47  3:58  Probe  
  47  4:02  Pylon  
  50  4:04  Probe  
  51  4:10  Probe  
  51  4:16  Probe  
  53  4:18  Observer  
  53  4:22  Robotics Bay  
  53  4:23  Forge  
  54  4:31  Probe  
  54  4:32  Probe  
  54  4:33  Nexus  
  56  4:38  Pylon  
  56  4:39  Observer (Chrono Boost)  
  56  4:43  Stalker  
  56  4:44  Stalker  
  61  4:47  Pylon  
  61  4:50  Probe  
  62  4:53  Charge  
  62  4:55  Observer  
  62  4:58  Probe  
  64  5:01  Protoss Ground Weapons Level 1 (Chrono Boost)  
  64  5:02  Probe  
  64  5:06  Observer  
  65  5:09  Observer  
  65  5:11  Probe  
  66  5:14  Probe  
  67  5:23  Colossus (Chrono Boost), Probe  
  74  5:33  Probe  
  74  5:35  Probe  
  76  5:41  Gateway  
  76  5:44  Gateway  
  76  5:45  Gateway, Probe  
  76  5:46  Pylon x2  
  76  5:47  Probe  
  76  5:50  Probe  
  76  5:55  Pylon  
  77  5:58  Probe  
  77  5:59  Probe  
  77  6:02  Probe  
  80  6:06  Sentry, Zealot x2  
  80  6:07  Colossus (Chrono Boost)  
  80  6:10  Probe  
  93  6:11  Probe  
  93  6:23  Observer  
  93  6:27  Pylon  
  93  6:28  Pylon  
  93  6:30  Zealot x3  
  99  6:36  Extended Thermal Lance  
  99  6:38  Zealot x2  
  103  6:40  Zealot  
  103  6:45  Colossus (Chrono Boost)  
  105  6:51  Zealot x3  
  117  6:54  Pylon  
  117  6:56  Assimilator x2  
  117  6:58  Observer  
  117  7:01  Stalker x3  
  123  7:04  Protoss Ground Armor Level 1 (Chrono Boost)  
  119  7:16  Sentry x2  
  119  7:17  Sentry  
  125  7:25  Zealot x2  
  125  7:26  Zealot  
  121  7:42  Zealot  
  121  7:43  Zealot x2  
  107  7:50  Zealot  
  107  7:51  Zealot x2  
  95  7:55  Colossus (Chrono Boost)  
  97  8:10  Probe x2  
  99  8:13  Forge  
  99  8:14  Stalker x3  
  99  8:15  Stalker x3, Gateway  
  99  8:18  Gateway, Probe  
  99  8:19  Gateway  
  112  8:22  Probe  
  112  8:26  Gravitic Drive  
  113  8:29  Robotics Facility  
  113  8:30  Nexus  
  113  8:31  Pylon  
  113  8:38  Protoss Ground Weapons Level 2 (Chrono Boost), Sentry, Zealot x3  
  113  8:39  Zealot x2  
  125  8:43  Pylon  
  125  8:46  Disruptor  
  128  8:57  Protoss Ground Armor Level 2 (Chrono Boost)  
  128  9:00  Zealot  
  128  9:01  Zealot x5  
  140  9:03  Probe x3  
  143  9:15  Probe x3  
  146  9:22  Disruptor (Chrono Boost)  
  151  9:24  Warp Prism (Chrono Boost)  
  151  9:27  Probe x2  
  151  9:28  Pylon  
  153  9:33  Assimilator  
  153  9:37  Assimilator  
  153  9:38  Stalker x2  
  157  9:42  Pylon x2  
  157  9:43  Pylon  
  157  9:46  Probe x4  
  157  9:48  Observer  
  157  9:52  Templar Archives  
  161  9:57  Observer (Chrono Boost)  
  161  9:58  Probe  
  166  10:02  Zealot x2  
  166  10:03  Disruptor (Chrono Boost), Zealot x4  
  178  10:13  Disruptor  
  181  10:26  Gateway  
  181  10:28  Gateway  
  181  10:30  Gateway  
  181  10:32  Pylon  
  181  10:33  Disruptor, Pylon  
  181  10:34  Nexus  
  184  10:36  High Templar x2, Pylon  
  184  10:37  High Templar x4  
  184  10:40  Archon  
  184  10:41  Archon x2  
  196  10:44  Zealot  
  196  10:45  Zealot  
  200  10:50  Protoss Ground Weapons Level 3 (Chrono Boost)  
  178  11:21  Colossus (Chrono Boost)  
  179  11:31  Colossus (Chrono Boost)  
  179  11:36  Stalker x4  
  179  11:37  Stalker x7  
  199  11:55  Dark Shrine  
  199  12:06  Assimilator  
  199  12:08  Assimilator  
  185  12:25  Warp Prism x2  
  189  12:35  Photon Cannon  
  189  12:36  Photon Cannon  
  189  12:37  Photon Cannon  
  189  12:39  Photon Cannon  
  189  12:40  Shield Battery  
  189  12:44  Shield Battery  
  189  12:48  Shield Battery  
  187  13:15  Shadow Stride (Chrono Boost)  
  187  13:20  Gateway  
  187  13:22  Gateway  
  187  13:24  Gateway  
  187  13:26  Gateway  
  183  13:28  Gateway  
  151  13:36  Disruptor x2  
  154  13:42  Stalker x7  
  154  13:43  Stalker x4  
  154  13:46  Zealot  
  152  14:07  Zealot  
  152  14:08  Zealot x6  
  166  14:12  Disruptor x2  
  170  14:17  Dark Templar x2  
  170  14:18  Dark Templar, Zealot x5  
  180  14:37  Zealot x4  
  180  14:38  Zealot x7  
  196  14:58  Dark Templar  
  196  14:59  Dark Templar x4  
  200  15:05  Protoss Shields Level 1 (Chrono Boost)  
  200  15:09  Robotics Facility  
  188  15:40  Warp Prism x2  
  183  16:05  Stalker x3  
  183  16:06  Stalker x5  
  183  16:09  Nexus  
  183  16:10  Pylon  
  199  16:13  Assimilator  
  195  16:27  Stargate  
  195  16:28  Stargate  
  195  16:29  Stargate  
  179  16:49  Colossus (Chrono Boost)  
  174  16:56  Colossus (Chrono Boost)  
  128  17:15  Disruptor (Chrono Boost)  
  128  17:17  Stalker  
  128  17:18  Stalker x8  
  128  17:19  Stalker x4  
  128  17:20  Stalker x4  
  165  17:33  Fleet Beacon  
  165  17:34  Assimilator  
  165  17:43  Stalker x3  
  165  17:44  Stalker x2  
  185  17:50  Stalker  
  185  17:51  Stalker x2  
Tags
 
Add a new tag
Caveats
  • Supply blocks, unpowered buildings, or Contaminate may cause inaccurate times.
  • Supply counts are checked every 10 seconds.